AoeStats
← dofu61

Arabia

507745090Analyzed
2v2 RM · 13d ago on Sep 19, 2026· 46m 46s· 4 players
Game mode
Random Map
Map size
Medium (4 player)
Population
200
Speed
Normal
Resources
Standard
Victory
Conquest
Starting age
Dark Age
Ending age
Imperial Age
RankedLock teamsTeams togetherTeam positionsShared explorationLock speedFull tech treeHidden civsTurbo modeCheats
Victory
Defeat
🇦🇷 Teutons · Argentina
1297
+15
🇦🇷 Dravidians · Argentina
1184
+19
🇩🇪 Ethiopians · Germany
1268
-17
🇩🇪 Hindustanis · Germany
1258
-17
titumir
6:58 Loom
9:34 Feudal Age
10:13 Double-Bit Axe
10:10 Horse Collar
15:02 Scale Barding Armor
16:34 Forging
18:54 Wheelbarrow
18:37 Bloodlines
22:33 Castle Age
21:05 Gold Mining
23:39 Chain Barding Armor
24:51 Iron Casting
28:45 Scale Mail Armor
29:15 Squires
28:48 Pikeman
30:49 Heavy Plow
31:20 Chain Mail Armor
32:57 Arson
35:25 Bow Saw
37:16 Hand Cart
43:00 Imperial Age
43:14 Cavalier
44:31 Plate Barding Armor
43:56 Halberdier
45:54 Blast Furnace
46:41 Crop Rotation
47:10 Town Watch
O P T I M U S
6:46 Loom
8:51 Feudal Age
12:29 Fletching
15:14 Double-Bit Axe
24:00 Castle Age
23:21 Padded Archer Armor
23:54 Gold Mining
24:18 Crossbowman
24:54 Bodkin Arrow
26:58 Ballistics
32:28 Bow Saw
33:57 Horse Collar
36:30 Wheelbarrow
37:48 Leather Archer Armor
41:07 Hand Cart
43:39 Imperial Age
42:58 Thumb Ring
43:51 Arbalester
44:32 Bracer
47:15 Chemistry
47:42 Two-Man Saw
spitzzahndrache
0:28 Loom
12:43 Feudal Age
13:08 Horse Collar
13:15 Double-Bit Axe
17:44 Castle Age
16:06 Horse Collar
23:56 Scale Barding Armor
24:38 Gold Mining
29:34 Wheelbarrow
30:00 Bow Saw
30:07 Husbandry
31:21 Town Watch
32:31 Fletching
32:51 Crossbowman
dofu61
8:58 Feudal Age
9:33 Double-Bit Axe
16:12 Scale Barding Armor
16:41 Bloodlines
17:58 Horse Collar
22:00 Castle Age
19:43 Horse Collar
20:34 Forging
22:08 Loom
22:09 Light Cavalry
22:50 Husbandry
29:25 Chain Barding Armor
29:41 Iron Casting
30:50 Iron Casting
30:52 Wheelbarrow
31:14 Heavy Plow
31:33 Bow Saw
33:39 Hand Cart
33:30 Town Watch
40:10 Imperial Age
42:06 Blast Furnace
42:09 Plate Barding Armor
Connection lost

Rejoining the realm…

Still unreachable

The connection could not be restored.

Session expired

The server has moved on; the page needs a fresh start.